 Dungeon Crawl Stone Soup version 0.25-a0-2-g6559c6c (webtiles) character file.

Game seed: 3310015646492464194, levelgen mode: deterministic

5 robertstho the Insei (level 1, 0/9 HPs)
             Began as a Vine Stalker Transmuter on Oct 14, 2019.
             Slain by a bat (1 damage)
             ... on level 1 of the Dungeon.
             The game lasted 00:00:26 (150 turns).

robertstho the Insei (Vine Stalker Transmuter)       Turns: 150, Time: 00:00:27

Health: 0/9        AC:  2    Str: 12    XL:     1   Next: 80%
Magic:  0/4        EV: 12    Int: 13    God:
Gold:   3          SH:  0    Dex: 14    Spells: 3/4 levels left

rFire    . . .     SeeInvis .     - Unarmed
rCold    . . .     Gourm    .   (no shield)
rNeg     . . .     Faith    .   b - +0 robe
rPois    .         Spirit   +   (no helmet)
rElec    .         Reflect  .   (no cloak)
rCorr    .         Harm     .   (no gloves)
MR       .....                  (boots currently unavailable)
Stlth    +.........             (no amulet)
HPRegen  0.03/turn              (no ring)
MPRegen  0.09/turn              (no ring)

@: appendage (expiring)
A: fangs 2, talons 3, magic shield, antimagic bite, no potion heal 3, rot
immunity
a: End Transformation


You were on level 1 of the Dungeon.
You were not hungry.
You had grown temporary talons.
You visited 1 branch of the dungeon, and saw 1 of its levels.

You collected 3 gold pieces.

Inventory:

Missiles
 a - 12 arrows
Armour
 b - a +0 robe (worn)
Scrolls
 e - a scroll of blinking {unknown}
 g - a scroll of remove curse {unknown}
Potions
 f - a potion of haste {unknown}
Comestibles
 c - 2 chunks of flesh
 d - a ration


   Skills:
 + Level 0.8 Fighting
 + Level 1.7 Dodging
 * Level 3.2 Unarmed Combat
 + Level 2.2 Spellcasting
 * Level 2.0 Transmutations


You had 3 spell levels left.
You knew the following spells:

 Your Spells              Type           Power        Failure   Level  Hunger
a - Beastly Appendage     Tmut           #.....       11%         1    ##.....

Your spell library contained the following spells:

 Spells                   Type           Power        Failure   Level  Hunger
 Sticks to Snakes         Tmut           #.......     17%         2    ###....
 Spider Form              Tmut/Pois      #.........   45%         3    ####...
 Ice Form                 Ice/Tmut       #.......     86%         4    #####..
 Blade Hands              Tmut           #.........   97%         5    ######.


Dungeon Overview and Level Annotations

Branches:
Dungeon (1/15)

Altars:


Innate Abilities, Weirdness & Mutations

You have extremely sharp teeth.
When hurt, damage is shared between your health and your magic reserves.
Your bite disrupts and absorbs the magic of your enemies.
Potions cannot restore your health.
You are immune to rotting.
You have claws for feet.


Message History

The bat barely misses you.
You closely miss the kobold. The bat hits you.
The kobold hits you with a +0 short sword.
You hit the kobold. Your bite misses the kobold.
The kobold is severely wounded.
The bat barely misses you.
The kobold hits you with a +0 short sword.
* * * LOW HITPOINT WARNING * * *
You miss the kobold. Your kick misses the kobold.
The kobold is severely wounded.
Your transformation is almost over.
The bat hits you.
* * * LOW HITPOINT WARNING * * *
The kobold completely misses you.
You hit the kobold.
You kill the kobold!
The bat closely misses you. The bat barely misses you. The bat hits you.
You die...

.# ###.##.##...#K .#
########.#.#..... #r. .#
#........#.##..# #.###
.###.######.#.#...# ...(
.#.....####.#.#..#####.###.###
>................)............
.#.#.###....#.#..#####.######
.#.#...'....+....# #.#
.#.#####....###b@# #.# .#.#
#....###..#####.# .#..
......#........#.# .#.#
####...+........'.#
.############........#####
............'........'...#
#############........###.#
#).......# #........# #


You could see a bat.

Vanquished Creatures
  A dart slug (D:1)
  A giant cockroach (D:1)
  2 kobolds (D:1)
4 creatures vanquished.

Notes
Turn   | Place    | Note
-------+----------+-------------------------------------------
     0 | D:1      | robertstho the Vine Stalker Transmuter began the quest for
                  | the Orb.
     0 | D:1      | Reached XP level 1. HP: 9/9 MP: 4/4
   150 | D:1      | Slain by a bat

Levels and vault maps discovered:
D:1:      noname_arrival_rooms_in_the_neighbourhood, layout_basic

Action                   || total
-------------------------++-------
Melee: Unarmed           ||    31
       Bite              ||     8
       Kick              ||     1
 Cast: Beastly Appendage ||     1
 Stab: Sleeping          ||     1
Armor: Robe              ||    12
Dodge: Dodged            ||    31

Table legend:
 A = Non-vault XP
 B = Vault XP
 C = Vault XP percentage of total XP
 D = Non-vault monster count
 E = Vault monster count
 F = Vault count percentage of total count
                 A         B        C        D         E       F
            +---------+---------+-------+---------+---------+-------
      Total |       8 |       0 |   0.0 |       4 |       0 |   0.0
            +---------+---------+-------+---------+---------+-------
        D:1 |       8 |       0 |   0.0 |       4 |       0 |   0.0
            +---------+---------+-------+---------+---------+-------
